 Dungeon Crawl Stone Soup version 0.31.0 (webtiles) character file.

Game seed: 10419875624364210880

1705 qw the Skirmisher (level 9, -3/55 HPs)
             Began as a Gargoyle Hunter on Jan 19, 2024.
             Engulfed by a steam dragon's steam (10 damage)
             ... on level 6 of the Dungeon.
             The game lasted 00:00:21 (4313 turns).

qw the Skirmisher (Gargoyle Hunter)                 Turns: 4313, Time: 00:00:21

Health: -3/55      AC: 11    Str: 14    XL:     9   Next: 3%
Magic:  9/9        EV: 12    Int: 11    God:
Gold:   263        SH:  0    Dex: 23    Spells: 8/8 levels left

rFire   . . .        a - +2 shortbow (flame)
rCold   . . .        (shield currently unavailable)
rNeg    + . .        g - +0 ring mail
rPois   inf          (no helmet)
rElec   +            (no cloak)
rCorr   .            (no gloves)
SInv    .            (no boots)
Will    .....        (no amulet)
Stlth   +            f - +6 ring of dexterity
HPRegen 0.29/turn    (no ring)
MPRegen 0.11/turn

%: no passive effects
@: on fire, about to teleport, glowing
A: sickness immunity, AC +6, negative energy resistance 1, electricity
resistance, torment resistance 1, petrification resistance
a: no special abilities


You were on level 6 of the Dungeon.
You visited 1 branch of the dungeon, and saw 6 of its levels.

You collected 323 gold pieces.
You spent 60 gold pieces at shops.


Innate Abilities, Weirdness & Mutations

You are immune to sickness and miasma.
Your stone body is resilient. (AC +6)
You are immune to poison.
You resist negative energy. (rN+)
You are resistant to electric shocks. (rElec)
You are resistant to unholy torment.
You are immune to petrification.


   Skills:
 - Level 6.0 Fighting
 - Level 10.1 Ranged Weapons
 - Level 2.5 Armour
 + Level 2.5 Dodging
 - Level 1.1 Stealth


You had 8 spell levels left.
You didn't know any spells.
Your spell library was empty.

Inventory:

Hand Weapons
 a - a +2 shortbow of flaming (weapon)
Armour
 g - a +0 ring mail (worn)
 o - a scarf of resistance
Jewellery
 f - a +6 ring of dexterity (left hand)
Wands
 c - a wand of roots (15)
 d - a wand of mindburst (7)
Scrolls
 i - a scroll of teleportation
 j - a scroll of identify
 l - a scroll of revelation {unknown}
 n - 2 scrolls of enchant armour
Potions
 b - 2 potions of might
 e - 2 potions of curing
 h - 2 potions of resistance
 k - a potion of haste {unknown}
 m - a potion of mutation

Dungeon Overview and Level Annotations

Branches:
Dungeon (6/15)
 Temple: D:4-7

Altars:
Cheibriados
Uskayaw
Xom
Yredelemnul
Zin

Shops:
D:2 ?

Annotations:
D:3 3 runed translucent doors, qw's ghost, amateur GrHu
D:6 1 transporter


Message History

The arrow hits the steam dragon.
The arrow burns the steam dragon.
The steam dragon is lightly wounded.
The iguana bites you.
You shoot an arrow. The arrow hits the iguana.
The arrow burns the iguana.
You kill the iguana!
You shoot an arrow. The arrow hits the bombardier beetle.
The arrow burns the bombardier beetle.
The bombardier beetle is moderately wounded.
The bombardier beetle sprays incendiary fluid at you.
The burning spray hits you.
You are covered in liquid fire!
You shoot an arrow. The arrow hits the bombardier beetle.
The arrow burns the bombardier beetle.
The bombardier beetle is heavily wounded.
The liquid fire burns you! The steam dragon breathes steam at you.
The ball of steam hits the bombardier beetle!
The bombardier beetle dies!
The ball of steam hits you!
You shoot an arrow.
The arrow hits the iguana but does no damage.
You are engulfed in a cloud of scalding steam.
The liquid fire burns you!
The iguana is engulfed in a cloud of scalding steam.
The iguana bites you.
You shoot an arrow. The arrow hits the iguana!
The arrow burns the iguana.
You kill the iguana!
You are engulfed in a cloud of scalding steam.
The liquid fire burns you!
You shoot an arrow.
The arrow hits the steam dragon but does no damage.
The steam dragon is lightly wounded.
You are engulfed in a cloud of scalding steam.
The liquid fire burns you! The steam dragon barely misses you.
The steam dragon claws you.
4313 ||| READING 2 scrolls of teleportation.
As you read the scroll of teleportation, it crumbles to dust.
You feel strangely unstable.
You are engulfed in a cloud of scalding steam.
You die...

########+ ## ##......#.#.###
#..#...##.#...# ###
#####.##..#...##. ..#
+...#'#...#o...#. #.# ###
......##.......¤#DW..#. #[###.#
......###.......@## #. #.##...
....#.#.#......¤..####. #.#....
......#.'#...#.¤.....+.####.....%
.....(#.#.........####...........
......###........## #..##.......
......##........#+ #...........
......'...#+#...# #...........
.###..##### ##..# #........... .#
#..# ##.# #...........


You could see a steam dragon (catching breath), a phantom and an orc.

Vanquished Creatures
  A steam dragon (D:6)
  2 water moccasins
  An ice beast (D:5)
  An orc warrior (D:6)
  A black bear (D:4)
  A sky beast (D:6)
  2 ogres
  Blork the orc (D:4)
  A bullfrog (D:5)
  A gnoll sergeant (D:5)
  A scorpion (D:5)
  A howler monkey (D:4)
  A jelly (D:4)
  3 hounds
  An orc priest (D:6)
  3 iguanas
  2 orc wizards
  6 gnolls
  10 adders
  A white imp (D:6)
  2 ufetubi
  A dart slug (D:2)
  2 ribbon worms
  7 orcs
  3 endoplasms
  2 giant cockroaches
  7 goblins
  11 hobgoblins
  14 jackals
  7 quokkas
  4 ball pythons
  4 bats
  8 kobolds
  3 rats
116 creatures vanquished.

Vanquished Creatures (others)
  A bombardier beetle (D:6)
1 creature vanquished.

Grand Total: 117 creatures vanquished

Notes
Turn   | Place    | Note
-------+----------+-------------------------------------------
     0 | D:1      | qw the Gargoyle Hunter began the quest for the Orb.
     0 | D:1      | Reached XP level 1. HP: 12/12 MP: 1/1
     0 | D:1      | 0 ||| qw: Version: 0.3-a-132-g3d54051
     0 | D:1      | 0 ||| qw: Game counter: 65
     0 | D:1      | 0 ||| qw: Melee chars always use a shield: true
     0 | D:1      | 0 ||| qw: God list: Okawaru
     0 | D:1      | 0 ||| qw: Allow faded altars: false
     0 | D:1      | 0 ||| qw: Do Orc after clearing Dungeon:15 true
     0 | D:1      | 0 ||| qw: Do second Lair branch before Depths: true
     0 | D:1      | 0 ||| qw: Lair rune preference: random
     0 | D:1      | 0 ||| qw: Goals: Normal
     0 | D:1      | 0 ||| PLANNING D:1-11
    26 | D:1      | HP: 3/12 [quokka (3)]
   167 | D:1      | Reached XP level 2. HP: 17/17 MP: 2/2
   188 | D:1      | 188 ||| RETREEEEATING.
   191 | D:1      | 191 ||| RETREEEEATING.
   192 | D:1      | 192 ||| RETREEEEATING.
   232 | D:1      | Reached XP level 3. HP: 16/21 MP: 3/3
   268 | D:1      | Reached skill level 5 in Ranged Weapons
   487 | D:1      | 487 ||| READING 2 scrolls labelled KUDWET TOGUARO.
   487 | D:1      | 487 ||| BRANDING +0 shortbow.
   488 | D:1      | 488 ||| READING scroll of brand weapon.
   488 | D:1      | 488 ||| BRANDING +0 shortbow of draining.
   489 | D:1      | 489 ||| DROPPING scroll of butterflies.
   653 | D:2      | Reached skill level 3 in Fighting
   667 | D:2      | Reached XP level 4. HP: 28/28 MP: 4/4
   687 | D:2      | 687 ||| FLEEEEING.
  1006 | D:2      | Found Xoargh's Magic Scroll Shoppe.
  1015 | D:2      | 1015 ||| SHOPLISTING scroll of enchant armour (90 gold,
                  | have 71).
  1015 | D:2      | 1015 ||| SHOPLISTING scroll of enchant weapon (90 gold,
                  | have 71).
  1015 | D:2      | 1015 ||| BUYING scroll of identify (24 gold).
  1015 | D:2      | Bought a scroll of identify for 24 gold pieces
  1015 | D:2      | 1015 ||| BUYING scroll of teleportation (36 gold).
  1015 | D:2      | Bought a scroll of teleportation for 36 gold pieces
  1041 | D:2      | 1041 ||| UPGRADING to +0 ring mail.
  1051 | D:2      | 1051 ||| DROPPING +0 leather armour.
  1052 | D:2      | 1052 ||| READING 2 scrolls of identify.
  1052 | D:2      | 1052 ||| IDENTIFYING green potion
  1053 | D:2      | 1053 ||| READING scroll of identify.
  1053 | D:2      | 1053 ||| IDENTIFYING metallic silvery potion
  1054 | D:2      | 1054 ||| READING scroll labelled UKKOON ZOHIRE.
  1054 | D:2      | 1054 ||| ENCHANTING +0 shortbow of flaming.
  1055 | D:2      | 1055 ||| READING 2 scrolls labelled LYADIOTUCWU.
  1056 | D:2      | 1056 ||| READING scroll labelled CEDDORESHRI.
  1057 | D:2      | 1057 ||| READING scroll labelled CURIBA QEAMEU.
  1058 | D:2      | 1058 ||| DRINKING 3 bubbling orange potions.
  1059 | D:2      | 1059 ||| DROPPING scroll of fear.
  1060 | D:2      | 1060 ||| DROPPING 2 potions of brilliance.
  1061 | D:2      | 1061 ||| DROPPING potion of degeneration.
  1067 | D:3      | Found a shimmering altar of Xom.
  1154 | D:3      | Reached skill level 1 in Armour
  1221 | D:3      | Reached XP level 5. HP: 32/32 MP: 5/5
  1308 | D:3      | Found a glowing silver altar of Zin.
  1336 | D:3      | Found a basalt altar of Yredelemnul.
  1664 | D:3      | Found a hide-covered altar of Uskayaw.
  1683 | D:3      | Found a runed translucent gate.
  1685 | D:3      | Found a runed translucent gate.
  1686 | D:3      | Found a runed translucent gate.
  1686 | D:3      | Noticed qw's ghost (amateur GrHu)
  1691 | D:3      | Identified the +5 scale mail of Limmir {+Inv Will+}
  1825 | D:3      | 1825 ||| UPGRADING to +6 ring of dexterity.
  1826 | D:3      | 1826 ||| READING scroll of identify.
  1826 | D:3      | 1826 ||| IDENTIFYING fuming brown potion
  1827 | D:3      | 1827 ||| DRINKING 3 sedimented inky potions.
  1828 | D:3      | 1828 ||| DROPPING potion of attraction.
  1948 | D:4      | Noticed an ogre
  1949 | D:4      | 1949 ||| ZAPPING wand of mindburst (15) at 7,0 (ogre;
                  | floor).
  1950 | D:4      | 1950 ||| ZAPPING wand of mindburst (14) at 6,0 (ogre;
                  | floor).
  1951 | D:4      | 1951 ||| ZAPPING wand of mindburst (13) at 5,0 (ogre;
                  | floor).
  1952 | D:4      | 1952 ||| ZAPPING wand of mindburst (12) at 4,0 (ogre;
                  | floor).
  1952 | D:4      | Killed an ogre
  1953 | D:4      | Reached skill level 6 in Ranged Weapons
  1953 | D:4      | Reached XP level 6. HP: 37/37 MP: 6/6
  2237 | D:4      | Noticed Blork the orc
  2240 | D:4      | 2240 ||| ZAPPING wand of mindburst (11) at -1,1 (Blork the
                  | orc; floor).
  2241 | D:4      | 2241 ||| ZAPPING wand of mindburst (10) at -1,1 (Blork the
                  | orc; floor).
  2241 | D:4      | Killed Blork the orc
  2242 | D:4      | Reached skill level 7 in Ranged Weapons
  2242 | D:4      | 2242 ||| FLEEEEING.
  2500 | D:4      | Reached XP level 7. HP: 43/43 MP: 7/7
  2506 | D:4      | 2506 ||| ZAPPING wand of mindburst (9) at 3,0 (black bear;
                  | floor).
  2507 | D:4      | 2507 ||| ZAPPING wand of mindburst (8) at 1,0 (black bear;
                  | floor).
  2637 | D:4      | 2637 ||| READING scroll of identify.
  2637 | D:4      | 2637 ||| IDENTIFYING clear potion
  2638 | D:4      | 2638 ||| DRINKING 2 purple potions.
  2639 | D:4      | 2639 ||| DRINKING 3 bubbling clear potions.
  2660 | D:4      | 2660 ||| DROPPING potion of magic.
  2661 | D:4      | 2661 ||| DROPPING 2 potions of lignification.
  2696 | D:5      | Entered Level 5 of the Dungeon
  2699 | D:5      | 2699 ||| STAIRDANCE
  2776 | D:5      | Reached skill level 8 in Ranged Weapons
  2776 | D:5      | 2776 ||| FLEEEEING.
  2919 | D:5      | Reached XP level 8. HP: 19/49 MP: 8/8
  2919 | D:5      | 2919 ||| FLEEEEING.
  3068 | D:5      | Found a snail-covered altar of Cheibriados.
  3103 | D:5      | Reached skill level 9 in Ranged Weapons
  3669 | D:5      | 3669 ||| READING scroll of identify.
  3669 | D:5      | 3669 ||| IDENTIFYING murky amethyst potion
  3670 | D:5      | 3670 ||| READING scroll labelled LUCIARIESS.
  3670 | D:5      | 3670 ||| ENCHANTING +1 shortbow of flaming.
  3671 | D:5      | 3671 ||| READING scroll labelled VEXTE VUDYDY.
  3709 | D:6      | 3709 ||| READING scroll of enchant weapon.
  3709 | D:6      | 3709 ||| ENCHANTING +1 shortbow of flaming.
  3784 | D:6      | 3784 ||| RETREEEEATING.
  3786 | D:6      | 3786 ||| RETREEEEATING.
  3788 | D:6      | Reached skill level 6 in Fighting
  3807 | D:6      | HP: 1/51 [orc priest/divine providence (14)]
  3808 | D:6      | 3808 ||| READING 4 scrolls of teleportation.
  3811 | D:6      | 3811 ||| READING 3 scrolls of teleportation.
  3816 | D:6      | 3816 ||| FLEEEEING.
  3817 | D:6      | 3817 ||| FLEEEEING.
  3818 | D:6      | 3818 ||| FLEEEEING.
  3819 | D:6      | 3819 ||| FLEEEEING.
  3820 | D:6      | 3820 ||| FLEEEEING.
  3821 | D:6      | 3821 ||| FLEEEEING.
  3822 | D:6      | 3822 ||| FLEEEEING.
  3823 | D:6      | 3823 ||| FLEEEEING.
  3829 | D:6      | 3829 ||| FLEEEEING.
  3830 | D:6      | 3830 ||| FLEEEEING.
  3831 | D:6      | 3831 ||| FLEEEEING.
  3832 | D:6      | 3832 ||| FLEEEEING.
  3833 | D:6      | 3833 ||| STAIRDANCE
  3985 | D:5      | 3985 ||| DROPPING ring of magical power.
  4040 | D:6      | 4040 ||| FLEEEEING.
  4042 | D:6      | 4042 ||| FLEEEEING.
  4055 | D:6      | Reached skill level 10 in Ranged Weapons
  4055 | D:6      | Reached XP level 9. HP: 35/55 MP: 9/9
  4148 | D:6      | Found a transporter.
  4223 | D:6      | Noticed an ancient zyme
  4312 | D:6      | HP: 10/55 [steam dragon] (9)]
  4313 | D:6      | 4313 ||| READING 2 scrolls of teleportation.
  4313 | D:6      | Engulfed by a steam dragon's steam

Levels and vault maps discovered:
D:1:      lemuel_arrival_room, layout_rooms, kennysheep_nondescript
D:2:      layout_rooms, serial_shops, shop, grunt_ministairs_5
D:3:      layout_loops_ring, lemuel_tele_altar, xom_butterflies,
          mainiacjoe_overflow_two_lobes, biasface_ghost_orc_armoury,
          kennysheep_generic_room_7
D:4:      layout_basic, uniq_blork_the_orc
D:5:      layout_loops_ring, overflow_temple_1_default,
          amcnicky_mini_corridor_feature, nrook_uturn
D:6:      layout_basic, minmay_temple_entry_glassed_door,
          gammafunk_ghost_abyssal_escape, grunt_ministairs_3, minmay_pentangle

Skill      XL: |  1  2  3  4  5  6  7  8 |
---------------+-------------------------+-----
Ranged Weapons | 5 6 7 8 10 | 10.1
Fighting       | 3 4 5 6 |  6.0
Armour         | 1 2 |  2.5
Dodging        | 2 |  2.5
Stealth        | |  1.1

Action                     |  1- 3 |  4- 6 |  7- 9 || total
---------------------------+-------+-------+-------++-------
   Fire: Shortbow          |   109 |   122 |   154 ||   385
  Evoke: Wand              |       |     6 |     2 ||     8
    Use: Scroll            |     2 |     7 |     8 ||    17
         Potion            |       |     2 |     2 ||     4
 Armour: Leather armour    |    40 |     7 |       ||    47
         Ring mail         |       |    24 |    76 ||   100
  Dodge: Dodged            |    69 |    35 |    51 ||   155

Table legend:
 A = Non-vault XP
 B = Vault XP
 C = Vault XP percentage of total XP
 D = Non-vault monster count
 E = Vault monster count
 F = Vault count percentage of total count
                 A         B        C        D         E       F
            +---------+---------+-------+---------+---------+-------
      Total |    2022 |     414 |  17.0 |     105 |      12 |  10.3
            +---------+---------+-------+---------+---------+-------
        D:1 |      57 |       0 |   0.0 |      31 |       0 |   0.0
        D:2 |      37 |      15 |  28.8 |      13 |       2 |  13.3
        D:3 |      76 |      17 |  18.3 |      18 |       3 |  14.3
        D:4 |     473 |      99 |  17.3 |      20 |       1 |   4.8
        D:5 |     897 |       0 |   0.0 |      18 |       0 |   0.0
        D:6 |     482 |     283 |  37.0 |       5 |       6 |  54.5
            +---------+---------+-------+---------+---------+-------
